 Dungeon Crawl Stone Soup version 0.30-a0-618-gd6c86c23d0 (webtiles) character file.

Game seed: 10552349184569718401

429 Leeroy the Ruffian (level 6, -3/47 HPs)
             Began as a Draconian Transmuter on Jan 9, 2023.
             Killed from afar by a steam dragon (14 damage)
             ... with a ball of steam
             ... on level 7 of the Dungeon.
             The game lasted 00:03:24 (2951 turns).

Leeroy the Ruffian (Draconian Transmuter)           Turns: 2951, Time: 00:03:25

Health: -3/47      AC:  6    Str: 14    XL:     6   Next: 66%
Magic:  5/9        EV: 17    Int: 13    God:
Gold:   131        SH:  0    Dex: 12    Spells: 2/9 levels left

rFire   . . .      SeeInvis .      - Unarmed
rCold   . . .      Faith    .    (no shield)
rNeg    . . .      Spirit   .    (body armour unavailable)
rPois   .          Reflect  .    (helmet currently unavailable)
rElec   .          Harm     .    (no cloak)
rCorr   .          Rampage  .    (no gloves)
Will    .....                    (boots currently unavailable)
Stlth   +                        (no amulet)
HPRegen 0.27/turn                c - +5 ring of evasion
MPRegen 0.11/turn                n - ring of flight

@: appendages (expiring), flying
A: horns 2, talons 2, AC +6, unfitting armour, cold-blooded
a: End Transformation


You were on level 7 of the Dungeon.
You had temporarily grown beastly horns and talons.
You visited 1 branch of the dungeon, and saw 6 of its levels.

You collected 131 gold pieces.

Inventory:

Jewellery
 c - a +5 ring of evasion (left hand)
 n - a ring of flight (right hand)
 q - a ring of positive energy
Scrolls
 d - 6 scrolls of identify {unknown}
 e - a scroll of enchant weapon {unknown}
 h - a scroll of summoning {unknown}
 i - a scroll of blinking {unknown}
 k - 2 scrolls of teleportation {unknown}
 p - a scroll of noise {unknown}
 r - a scroll of magic mapping {unknown}
Potions
 a - 2 potions of lignification
 b - 2 potions of berserk rage {unknown}
 f - a potion of heal wounds {unknown}
 g - a potion of invisibility {unknown}
 j - 2 potions of might {unknown}
 l - a potion of mutation {unknown}
 m - 2 potions of curing {unknown}
 o - a potion of haste {unknown}


   Skills:
 - Level 1.1 Fighting
 - Level 1.7 Dodging
 + Level 6.9 Unarmed Combat
 - Level 2.0 Spellcasting
 * Level 3.6 Transmutations


You had 2 spell levels left.
You knew the following spells:

 Your Spells              Type           Power      Damage    Failure   Level
a - Beastly Appendage     Tmut           20%        N/A       6%          1
b - Wereblood             Tmut           10%        N/A       9%          2
c - Ice Form              Ice/Tmut       5%         N/A       77%         4

Your spell library contained the following spells:

 Spells                   Type           Power      Damage    Failure   Level
 Apportation              Tloc           2%         N/A       26%         1
 Necrotise                Necr           4%         1d4       26%         1
 Slow                     Hex            4%         N/A       26%         1
 Summon Small Mammal      Summ           4%         N/A       26%         1
 Spider Form              Tmut/Pois      5%         N/A       36%         3
 Confusing Touch          Hex            1%         N/A       58%         3
 Hailstorm                Conj/Ice       1%         3d3       58%         3
 Vampiric Draining        Necr           1%         2d6       58%         3
 Simulacrum               Ice/Necr       0%         N/A       100%        6


Dungeon Overview and Level Annotations

Branches:
Dungeon (5/15)
 Temple: D:4-7

Altars:
Fedhas
Uskayaw


Innate Abilities, Weirdness & Mutations

You have temporarily grown beastly horns and talons.
Your plain brown scales are hard. (AC +6)
You cannot fit into any form of body armour.
You are cold-blooded and may be slowed by cold attacks.


Message History

You hit the steam dragon.
You headbutt the steam dragon, but do no damage.
The steam dragon is moderately wounded.
The steam dragon completely misses you. The steam dragon closely misses you.
You barely miss the steam dragon.
You tail-slap the steam dragon, but do no damage.
The steam dragon is moderately wounded.
The steam dragon bites you. The steam dragon completely misses you.
You barely miss the steam dragon.
You claw the steam dragon, but do no damage.
The steam dragon is moderately wounded.
The steam dragon breathes steam at you. The ball of steam misses you.
You hear a shout! x2
You punch the steam dragon! Your headbutt misses the steam dragon.
The steam dragon is heavily wounded.
You are engulfed in a cloud of scalding steam.
The steam dragon misses you.
The steam dragon claws you but does no damage.
You barely miss the steam dragon.
You claw the steam dragon, but do no damage.
You tail-slap the steam dragon.
The steam dragon is heavily wounded.
You are engulfed in a cloud of scalding steam.
You hit the steam dragon.
The steam dragon is severely wounded.
You are engulfed in a cloud of scalding steam.
The steam dragon bites you. The steam dragon barely misses you.
You hit the steam dragon but do no damage.
You headbutt the steam dragon.
The steam dragon is severely wounded.
You are engulfed in a cloud of scalding steam.
* * * LOW HITPOINT WARNING * * *
The steam dragon closely misses you. x2
Your magical contamination has completely faded away.
You hit the steam dragon. Your kick misses the steam dragon.
The steam dragon is severely wounded.
The steam dragon breathes steam at you. The ball of steam hits you!
You die...

...........####
................
...........# ##.
#....# .. ..###
#.##..... ... #....
#D# ### ...##.#.#
#.# ...§....###.# #
....._..§@D.# .#
.....8...#######.#
#..._..+###.....#
#...............#
#...............#
#...............#
#...............##.
#######'##.........
#.###.....###


You could see a steam dragon (catching breath).

Vanquished Creatures
  An ogre (D:5)
  A scorpion (D:5)
  3 hounds (D:5)
  Jessica (D:3)
  Terence (D:3)
  An iguana (D:5)
  An orc wizard (D:5)
  3 adders
  A shadow imp (D:5)
  3 dart slugs
  7 orcs
  2 bats
  2 endoplasms
  A giant cockroach (D:1)
  6 goblins
  4 hobgoblins (D:3)
  8 kobolds
  2 quokkas
  5 ball pythons
  3 frilled lizards
  6 rats
62 creatures vanquished.

Notes
Turn   | Place    | Note
-------+----------+-------------------------------------------
     0 | D:1      | Leeroy the Draconian Transmuter began the quest for the
                  | Orb.
     0 | D:1      | Reached XP level 1. HP: 16/16 MP: 3/3
   142 | D:1      | Reached XP level 2. HP: 23/23 MP: 5/5
   558 | D:1      | Reached skill level 4 in Unarmed Combat
   833 | D:2      | Learned a level 2 spell: Wereblood
   903 | D:2      | Reached XP level 3. HP: 15/28 MP: 6/6
  1670 | D:3      | Reached XP level 4. HP: 34/35 MP: 7/7
  1708 | D:3      | Learned a level 4 spell: Ice Form
  1799 | D:3      | Noticed Jessica
  1800 | D:3      | Noticed Terence
  1822 | D:3      | Killed Terence
  1823 | D:3      | Reached skill level 5 in Unarmed Combat
  1828 | D:3      | Killed Jessica
  1996 | D:3      | Found a faded altar of an unknown god.
  2628 | D:4      | Noticed a scorpion
  2632 | D:5      | Entered Level 5 of the Dungeon
  2632 | D:5      | Noticed an ogre
  2636 | D:5      | Noticed a scorpion
  2661 | D:5      | Reached XP level 5. HP: 26/40 MP: 2/8
  2669 | D:5      | Killed an ogre
  2670 | D:5      | Reached skill level 6 in Unarmed Combat
  2692 | D:5      | Reached XP level 6. HP: 31/47 MP: 3/9
  2908 | D:5      | You are sucked into a shaft and drop 2 floors!
  2908 | D:7      | Found a blossoming altar of Fedhas.
  2908 | D:7      | Found a hide-covered altar of Uskayaw.
  2932 | D:7      | Noticed a steam dragon
  2951 | D:7      | Killed from afar by a steam dragon

Illustrated notes

Levels and vault maps discovered:
D:1:      eino_arrival_cavern_d, layout_loops_ring
D:2:      layout_basic
D:3:      layout_basic, shapermc_ecumenical_altar_mp_urbaneastern, st_stairs_4,
          amethyst_killhole, serial_bayou_lagoon_a, uniq_jessica, uniq_terence
D:4:      layout_basic, minmay_liquid_box
D:5:      layout_rooms, temple_hall
D:7:      layout_basic, chequers_temple_overflow_statue_of_worship, uniq_maggie,
          uniq_duvessa

Skill      XL: |  1  2  3  4  5 |
---------------+----------------+-----
Unarmed Combat | 4 5 6 |  6.9
Transmutations | 3 |  3.6
Fighting       | |  1.1
Dodging        | |  1.7
Spellcasting   | |  2.0

Action                   |  1- 3 |  4- 6 || total
-------------------------+-------+-------++-------
Melee: Unarmed           |   135 |   126 ||   261
       Tailslap          |    11 |    18 ||    29
       Kick              |     3 |    10 ||    13
       Headbutt          |     2 |     6 ||     8
       Punch             |       |     5 ||     5
 Cast: Beastly Appendage |     1 |     6 ||     7
       Wereblood         |     1 |     2 ||     3
 Stab: Sleeping          |     2 |     1 ||     3
Armor: Skin              |    32 |    22 ||    54
Dodge: Dodged            |    94 |    95 ||   189

Table legend: (Time is in decaauts)
 A = Elapsed time spent in this place.
 B = Non-inter-level travel time spent in this place.
 C = Inter-level travel time spent in this place.
 D = Time resting spent in this place.
 E = Time spent auto-exploring this place.
 F = Levels seen in this place.
 G = Mean time per level.
                   A        B        C        D        E       F      G
               +--------+--------+--------+--------+--------+-----+--------+
         Total |   2927 |   2846 |     81 |      4 |   2327 |   6 |  487.8 |
       Dungeon |   2927 |   2846 |     81 |      4 |   2327 |   6 |  487.8 |
               +--------+--------+--------+--------+--------+-----+--------+

Top non-repeatable levels by time:
     D:3: 1104 daAuts
     D:1: 752 daAuts
     D:2: 634 daAuts
     D:5: 267 daAuts
     D:4: 127 daAuts
     D:7: 41 daAuts
